 Dungeon Crawl Stone Soup version 0.29.0-4-gdea44cf6ec (webtiles) character file.

Game seed: 9094180861019122166

9 qw the Firebug (level 2, 0/23 HPs)
             Began as a Ghoul Fire Elementalist on Aug 29, 2022.
             Slain by a frilled lizard (3 damage)
             ... on level 1 of the Dungeon.
             The game lasted 00:00:20 (245 turns).

qw the Firebug (Ghoul Fire Elementalist)             Turns: 245, Time: 00:00:20

Health: 0/23       AC:  2    Str: 11    XL:     2   Next: 12%
Magic:  3/3        EV: 12    Int: 10    God:
Gold:   0          SH:  0    Dex:  9    Spells: 3/4 levels left

rFire   . . .      SeeInvis .     - Unarmed
rCold   + . .      Faith    .   (no shield)
rNeg    + + +      Spirit   .   a - +0 robe
rPois   inf        Reflect  .   (no helmet)
rElec   .          Harm     .   (no cloak)
rCorr   .          Rampage  .   (no gloves)
Will    .....                   (no boots)
Stlth   ++........              (no amulet)
HPRegen 0.00/turn               (no ring)
MPRegen 0.08/turn               (no ring)

@: inhibited regen
A: claws 1, cold resistance 1, negative energy resistance 3, inhibited
regeneration, torment resistance 2, devour on kill
a: no special abilities


You were on level 1 of the Dungeon.
You visited 1 branch of the dungeon, and saw 1 of its levels.


Innate Abilities, Weirdness & Mutations

You are immune to poison.
You have sharp fingernails.
Your flesh is cold resistant. (rC+)
You are immune to negative energy. (rN+++)
You do not regenerate when monsters are visible.
You are immune to unholy pain and torment.
You thrive by killing the living.


   Skills:
 - Level 1.2 Fighting
 - Level 1.7 Dodging
 - Level 2.1 Stealth
 + Level 1.2 Unarmed Combat
 - Level 1.7 Spellcasting
 - Level 0.7 Conjurations
 - Level 2.4 Fire Magic


You had 3 spell levels left.
You knew the following spells:

 Your Spells              Type           Power      Damage    Failure   Level
a - Foxfire               Conj/Fire      16%        2x1d4     17%         1

Your spell library contained the following spells:

 Spells                   Type           Power      Damage    Failure   Level
 Scorch                   Fire           10%        2d5       19%         2
 Conjure Flame            Conj/Fire      4%         6-21      45%         3
 Inner Flame              Hex/Fire       3%         N/A       52%         3
 Flame Wave               Conj/Fire      4%         2d5       86%         4

Inventory:

Armour
 a - a +0 robe (worn)
Potions
 b - a potion of magic
 c - a potion of curing {unknown}
 d - a potion of attraction {unknown}

Dungeon Overview and Level Annotations

Branches:
Dungeon (1/15)

Altars:


Message History

231 ||| Stepping ~*~*~tactically~*~*~ (outnumbered).
232 ||| Stepping ~*~*~tactically~*~*~ (outnumbered).
The frilled lizard attacks as you move away!
The frilled lizard bites you.
233 ||| Stepping ~*~*~tactically~*~*~ (outnumbered).
The hobgoblin attacks as you move away! The hobgoblin misses you.
The frilled lizard attacks as you move away!
The frilled lizard bites you.
234 ||| Stepping ~*~*~tactically~*~*~ (outnumbered).
235 ||| Stepping ~*~*~tactically~*~*~ (outnumbered).
The hobgoblin attacks as you move away!
The hobgoblin hits you but does no damage.
236 ||| Stepping ~*~*~tactically~*~*~ (outnumbered).
237 ||| Stepping ~*~*~tactically~*~*~ (outnumbered).
You scratch the hobgoblin but do no damage.
The hobgoblin closely misses you. The frilled lizard misses you.
You closely miss the hobgoblin.
You claw the hobgoblin, but do no damage.
The hobgoblin hits you. The frilled lizard barely misses you.
You scratch the hobgoblin.
The hobgoblin is lightly wounded.
The hobgoblin hits you.
The frilled lizard bites you but does no damage.
You scratch the hobgoblin but do no damage.
The hobgoblin is lightly wounded.
The hobgoblin hits you but does no damage.
The frilled lizard bites you.
You scratch the hobgoblin.
The hobgoblin is almost dead.
The hobgoblin hits you. The frilled lizard closely misses you.
You scratch the hobgoblin but do no damage.
The hobgoblin is almost dead.
The hobgoblin barely misses you. The frilled lizard bites you.
You scratch the hobgoblin but do no damage.
The hobgoblin is almost dead.
The hobgoblin closely misses you. The frilled lizard misses you.
You scratch the hobgoblin.
You kill the hobgoblin!
The frilled lizard bites you.
You die... ###....777.7 77...77777 7 ##.....7.7 7777....77777 #.....7.7 77777..... #.###...7777 777P77 #.# ###.:..777 777

#.#######)...77
.........#.....7
#####.....#......
+...%@##..... [.
####...l.# ###..
...#####........####
#
...#................#
............#######.#
............#
.8..........#
#.........#
#.#...#'#.#


You could see a frilled lizard.

Vanquished Creatures
  A ball python (D:1)
  2 endoplasms (D:1)
  A goblin (D:1)
  2 hobgoblins (D:1)
  A quokka (D:1)
  A rat (D:1)
8 creatures vanquished.

Notes
Turn   | Place    | Note
-------+----------+-------------------------------------------
     0 | D:1      | qw the Ghoul Fire Elementalist began the quest for the Orb.
     0 | D:1      | Reached XP level 1. HP: 14/14 MP: 2/2
     0 | D:1      | 0 ||| qw: Version: 0.1-a-90-g952f4b7
     0 | D:1      | 0 ||| qw: Game counter: 4238
     0 | D:1      | 0 ||| qw: Always use a shield: true
     0 | D:1      | 0 ||| qw: God list: Okawaru
     0 | D:1      | 0 ||| qw: Allow faded altars: false
     0 | D:1      | 0 ||| qw: Do Orc after D:15 true
     0 | D:1      | 0 ||| qw: Do second Lair branch before Depths: true
     0 | D:1      | 0 ||| qw: Lair rune preference: random
     0 | D:1      | 0 ||| qw: Plans: Normal
     0 | D:1      | 0 ||| PLANNING D:1-11
   125 | D:1      | Reached skill level 1 in Unarmed Combat
   161 | D:1      | 161 ||| Stepping ~*~*~tactically~*~*~ (stealth).
   163 | D:1      | 163 ||| Stepping ~*~*~tactically~*~*~ (outnumbered).
   170 | D:1      | Reached skill level 1 in Fighting
   170 | D:1      | Reached XP level 2. HP: 19/23 MP: 3/3
   230 | D:1      | 230 ||| Stepping ~*~*~tactically~*~*~ (outnumbered).
   231 | D:1      | 231 ||| Stepping ~*~*~tactically~*~*~ (outnumbered).
   232 | D:1      | 232 ||| Stepping ~*~*~tactically~*~*~ (outnumbered).
   233 | D:1      | 233 ||| Stepping ~*~*~tactically~*~*~ (outnumbered).
   234 | D:1      | 234 ||| Stepping ~*~*~tactically~*~*~ (outnumbered).
   235 | D:1      | 235 ||| Stepping ~*~*~tactically~*~*~ (outnumbered).
   236 | D:1      | 236 ||| Stepping ~*~*~tactically~*~*~ (outnumbered).
   237 | D:1      | 237 ||| Stepping ~*~*~tactically~*~*~ (outnumbered).
   242 | D:1      | HP: 4/23 [hobgoblin (5)]
   245 | D:1      | Slain by a frilled lizard

Levels and vault maps discovered:
D:1:      kilobyte_arrival_exit_the_forest, layout_basic, serial_shops,
          shop_statue, shop_fountains, st_stairs_6,
          chequers_serial_rivers_micro_e

Skill      XL: |  1 |
---------------+----+-----
Unarmed Combat | 1 |  1.2
Fighting       | 1 |  1.2
Dodging        | |  1.7
Stealth        | |  2.1
Spellcasting   | |  1.7
Conjurations   | |  0.7
Fire Magic     | |  2.4

Action                   || total
-------------------------++-------
Melee: Unarmed           ||    33
       Punch             ||     3
Armor: Robe              ||     6
Dodge: Dodged            ||    23

Table legend:
 A = Non-vault XP
 B = Vault XP
 C = Vault XP percentage of total XP
 D = Non-vault monster count
 E = Vault monster count
 F = Vault count percentage of total count
                 A         B        C        D         E       F
            +---------+---------+-------+---------+---------+-------
      Total |      15 |       0 |   0.0 |       8 |       0 |   0.0
            +---------+---------+-------+---------+---------+-------
        D:1 |      15 |       0 |   0.0 |       8 |       0 |   0.0
            +---------+---------+-------+---------+---------+-------
